 Dungeon Crawl Stone Soup version 0.18-a0-1171-ga8e22e7 (webtiles) character file.

60 Minkie the Ruffian (level 3, -4/29 HPs)
             Began as a Draconian Transmuter on Jan 26, 2016.
             Slain by Terence
             ... wielding a +0 flail
              (7 damage)
             ... on level 2 of the Dungeon.
             The game lasted 00:04:23 (1394 turns).

Minkie the Ruffian (Draconian Transmuter)           Turns: 1394, Time: 00:04:24

Health: -4/29      AC:  5    Str: 13    XL:     3   Next: 80%
Magic:  6/6        EV: 12    Int: 13    God:
Gold:   49         SH:  0    Dex: 11    Spells: 1 memorised, 5 levels left

rFire  . . .     SeeInvis .       - Unarmed
rCold  . . .     Gourm    .     (armour unavailable)
rNeg   . . .     Faith    .     (no shield)
rPois  .         Spirit   .     (helmet restricted)
rElec  .         Dismiss  .     (no cloak)
rCorr  .         Reflect  .     (no gloves)
SustAt .         Harm     .     (no boots)
MR     .....                    e - amulet of rage
Stlth  +.........               (no ring)
                                (no ring)

@: not resistant to hostile enchantments, very unstealthy
A: unfitting armour, cold-blooded, AC +5
a: Evoke Berserk Rage


You were on level 2 of the Dungeon.
You were not hungry.

You visited 1 branch of the dungeon, and saw 2 of its levels.

You collected 49 gold pieces.

Inventory:

Missiles
 a - 27 arrows
Jewellery
 e - an amulet of rage (around neck)
Scrolls
 f - 2 scrolls of fear {unknown}
 h - 2 scrolls of teleportation {unknown}
 i - 3 scrolls of identify {unknown}
 l - a scroll of noise {unknown}
 o - a scroll of enchant weapon {unknown}
Potions
 d - 2 potions of magic {unknown}
 g - a potion of agility {unknown}
 j - a potion of brilliance {unknown}
 n - a potion of curing {unknown}
 q - a potion of mutation {unknown}
Books
 b - a book of Changes

   Spells                             Type                      Level
   a - Beastly Appendage              Transmutation                1
   b - Sticks to Snakes               Transmutation                2
   c - Spider Form                    Transmutation/Poison         3
   d - Ice Form                       Ice/Transmutation            4
   e - Blade Hands                    Transmutation                5
Comestibles
 c - a bread ration
 k - 2 beef jerkies
 m - a meat ration


   Skills:
 + Level 2.1 Fighting
 + Level 2.2 Dodging
 * Level 4.1 Unarmed Combat
 - Level 2.0 Spellcasting
 - Level 2.0 Transmutations


You had 5 spell levels left.
You knew the following spells:

 Your Spells              Type           Power        Failure   Level  Hunger
a - Beastly Appendage     Trmt           #.....       12%         1    ##.....


Dungeon Overview and Level Annotations

Branches:
Dungeon (2/15)

Altars:

Annotations:
D:2 Terence


Innate Abilities, Weirdness & Mutations

Your plain brown scales are hard (AC +5).
Your body does not fit into most forms of armour.
You are cold-blooded and may be slowed by cold attacks.


Message History

You hit Terence but do no damage.
Terence is almost dead.
Terence hits you with a flail!
* * * LOW HITPOINT WARNING * * *
You hit Terence.
Terence is almost dead.
Terence closely misses you.
You hit Terence but do no damage.
Your tail-slap misses Terence.
Terence is almost dead.
You hit Terence but do no damage.
Terence is almost dead.
Terence closely misses you.
You hit Terence but do no damage.
Your tail-slap misses Terence.
Terence is almost dead.
Terence hits you with a flail.
* * * LOW HITPOINT WARNING * * *
You hit Terence but do no damage.
Terence is almost dead.
Terence hits you with a flail!
You die...

#.....#......#.......
#..#...##.#...##....S.
#..#......#...........
#...##.#..###.#.......
#......#......#.......
#.......##.#...##.....
#####......#..........
#....#..##@#.....
######...@.# ...
#####..# # #.....
#######


You could see Terence.

Vanquished Creatures
  3 gnolls (D:2)
  2 oozes
  2 giant cockroaches (D:1)
  3 hobgoblins
  A ball python (D:1)
  4 bats
  3 goblins (D:1)
  5 kobolds
  4 rats
27 creatures vanquished.

Notes
Turn   | Place    | Note
--------------------------------------------------------------
     0 | D:1      | Minkie the Draconian Transmuter began the quest for the Orb.
     0 | D:1      | Reached XP level 1. HP: 16/16 MP: 3/3
   132 | D:1      | Reached XP level 2. HP: 20/23 MP: 5/5
   740 | D:2      | Reached XP level 3. HP: 3/29 MP: 6/6
  1125 | D:2      | Reached skill level 4 in Unarmed Combat
  1371 | D:2      | Noticed Terence
  1394 | D:2      | Slain by Terence

Vault maps used:
D:1:      dpeg_arrival_stonehenge_12_columns
D:2:      first_bread, hangedman_decor_points, uniq_terence

Action                   || total
-------------------------++-------
Melee: Unarmed           ||   129
  Eat: Chunk             ||     2
